Coyotes vs Kings
(R1)
Created - October 31, 2017 at 19:15
Goals
|
| Coyotes |
0 |
3 |
1 |
4 |
| Kings |
0 |
4 |
2 |
6 |
|
Shots
|
| Coyotes |
4 |
9 |
6 |
19 |
| Kings |
9 |
19 |
14 |
42 |
|
1st period
No Goal
Penalties :
Martin Samuelsson (Ari) for Holding (Minor) at 10:36, Brendan Smith (LAK) for Hooking (Minor) at 16:12, Mike Comrie (LAK) for Delaying the game (Minor) at 19:48
2nd period
1. Coyotes , Marian Gaborik 6 (Zach Parise 8, Brad Richards 10) at 5:52
2. Coyotes , Nazem Kadri 5 (Anton Stralman 7, Tyler Ennis 8) at 6:23
3. Coyotes , Marian Gaborik 7 (Zach Parise 9, Kristopher Letang 6) at 6:33
4. Kings , Anze Kopitar 5 (Michal Rozsival 2, Jason Pominville 4) at 6:43
5. Kings , Johnny Gaudreau 3 (Anze Kopitar 3) at 6:53
6. Kings , Anze Kopitar 6 (Drew Doughty 3) at 6:59
7. Kings , Anze Kopitar 7 (Johnny Gaudreau 3, Matt Irwin 1) at 14:32
Penalties :
Michal Rozsival (LAK) for Holding (Minor) at 2:13, Brooks Laich (Ari) for Hooking (Minor) at 16:40
3rd period
8. Coyotes , Marian Gaborik 8 (Anton Stralman 8, Tyler Ennis 9) at 8:09
9. Kings , Drew Miller 2 (Frans Nielsen 2) at 8:42
10. Kings , Darroll Powe 1 (Drew Doughty 4, Peter Worrell 1) at 9:34
Penalties :
Maxim Talbot (Ari) for Holding (Minor) at 1:56, Tyler Ennis (Ari) for Hooking (Minor) at 5:49, Nazem Kadri (Ari) for Hooking (Minor) at 14:02, Martin Samuelsson (Ari) for Tripping (Minor) at 18:47, Brad Richards (Ari) for Holding (Minor) at 19:54
Goalie Stats
Ryan Miller (Ari), 36 saves from 42 shots - (0.857), L, 5-4-0, 60:00 minutes
Mike Brodeur (LAK), 15 saves from 19 shots - (0.789), W, 2-1-0, 60:00 minutes
Players Stats for Coyotes
Player Name G A P +/- PIM S H SB GA TA FO MP PP MP PK MP
------------------------------------------------------------------------------------
Anton Stralman 0 2 2 -2 0 1 2 1 1 2 0/0 28:01 4:00 5:24
Brad Richards 0 1 1 0 2 0 3 1 0 0 15/36 22:07 3:22 4:05
Brooks Laich 0 0 0 0 2 0 0 1 0 0 2/6 6:33 0:00 0:00
Chris Neil 0 0 0 0 0 0 0 0 0 0 0/0 6:25 0:00 0:00
Chris Stewart 0 0 0 0 0 1 1 0 0 0 0/0 15:25 2:35 0:00
Enver Lisin 0 0 0 -2 0 1 0 0 0 0 0/0 8:59 0:00 0:00
Eric Brewer 0 0 0 0 0 2 1 2 1 2 0/0 21:34 1:57 5:12
Greg Zanon 0 0 0 0 0 0 1 2 0 1 0/0 15:15 0:00 5:45
Josh Gorges 0 0 0 0 0 0 1 0 0 1 0/0 21:01 0:00 5:50
Kristopher Letang 0 1 1 -2 0 1 1 2 2 0 0/0 23:11 4:00 0:10
Marian Gaborik 3 0 3 0 0 6 1 0 3 0 1/3 17:38 3:22 0:00
Mark Bell 0 0 0 -2 0 2 0 0 0 0 0/3 14:40 0:00 5:41
Martin Samuelsson 0 0 0 0 4 0 2 1 0 0 0/0 9:45 0:00 2:58
Maxim Talbot 0 0 0 -2 2 0 0 0 0 0 8/13 14:10 0:00 5:10
Michael Del Zotto 0 0 0 0 0 0 1 0 0 0 0/0 11:05 1:57 0:00
Nazem Kadri 1 0 1 0 2 4 1 2 1 0 1/4 16:09 2:35 0:43
Tyler Ennis 0 2 2 0 2 0 0 1 0 1 1/1 16:06 2:35 0:25
Zach Parise 0 2 2 0 0 1 2 0 1 0 1/4 20:37 3:22 2:59
Players Stats for Kings
Player Name G A P +/- PIM S H SB GA TA FO MP PP MP PK MP
------------------------------------------------------------------------------------
Anze Kopitar 3 1 4 3 0 9 2 1 2 1 23/38 22:09 6:02 1:35
Brendan Smith 0 0 0 1 2 1 3 0 0 1 0/0 24:06 6:26 2:33
Chris Mcallister 0 0 0 1 0 3 0 0 0 0 0/0 9:19 0:05 3:32
Darroll Powe 1 0 1 1 0 6 0 0 0 0 0/2 6:07 0:00 0:39
Drew Doughty 0 2 2 1 0 3 1 1 1 0 0/0 22:35 6:26 1:25
Drew Miller 1 0 1 -1 0 4 5 0 0 0 1/2 19:53 5:00 1:27
Frans Nielsen 0 1 1 -1 0 1 2 0 0 0 7/13 18:24 5:00 0:00
Jason Pominville 0 1 1 3 0 1 2 1 2 1 0/2 22:05 6:02 1:27
Johnny Gaudreau 1 1 2 3 0 2 0 0 0 0 0/2 21:32 6:02 0:58
Matt Irwin 0 1 1 1 0 1 1 0 0 0 0/0 19:09 4:41 1:49
Michal Rozsival 0 1 1 0 2 0 3 2 1 0 0/0 17:36 0:00 1:56
Mike Comrie 0 0 0 -1 2 1 0 0 1 0 10/11 11:33 0:00 2:16
Nikita Kucherov 0 0 0 -1 0 4 2 0 0 1 0/0 18:16 5:00 0:00
Peter Worrell 0 1 1 -1 0 1 0 0 0 0 0/0 9:35 0:05 0:00
Randy Jones 0 0 0 2 0 0 3 0 0 1 0/0 13:06 0:00 0:55
Ryan Callahan 0 0 0 -1 0 2 0 0 0 1 0/0 9:35 0:05 0:00
Torey Krug 0 0 0 -1 0 2 1 1 0 3 0/0 23:32 4:41 3:16
Vojtech Polak 0 0 0 1 0 1 0 0 0 0 0/0 5:28 0:00 0:00
3 Stars
1 - Anze Kopitar (LAK)
2 - Marian Gaborik (Ari)
3 - Johnny Gaudreau (LAK)
Power Play
Coyotes - 0 on 3 Attempt(s) - 0.00%
Kings - 0 on 7 Attempt(s) - 0.00%
Penalty Kill
Coyotes - 7 on 7 Attempt(s) - 100.00%
- Score 0 goal in Penalty Kill
Kings - 3 on 3 Attempt(s) - 100.00%
- Score 0 goal in Penalty Kill
Team Stat
Coyotes - Hits : 17 - Faceoff Wins : 29 - Blocked Shots : 13 - Penalty Minutes : 14
Kings - Hits : 25 - Faceoff Wins : 41 - Blocked Shots : 6 - Penalty Minutes : 6
Official
Referees : Rooney Chris and Hebert Ghislain
Linesman : Andy McElman and Steve Barton
Game Notes
Anze Kopitar has scored a Hat Trick!
Marian Gaborik has scored a Hat Trick!
Finance
Level 1 -- Attendance: 5872 (97.87%) -- Ticket Income $528,480
Level 2 -- Attendance: 3630 (72.60%) -- Ticket Income $235,950
Level 3 -- Attendance: 1536 (76.80%) -- Ticket Income $61,440
Level 4 -- Attendance: 2724 (68.10%) -- Ticket Income $81,720
Luxury Box -- Attendance: 1000 (100.00%) -- Ticket Income $145,000
Game was played at the Staples Center.
Total Attendance: 14762 (82.01%)
Total Ticket Income: $1,052,590
Other Income: $157,888
Total Income: $1,210,478
Coyotes
5 vs 5 Forward
Center Left Wing Right Wing Time % Phy DF OF
1 Brad Richards Zach Parise Marian Gaborik 37 1 2 2
2 Nazem Kadri Tyler Ennis Chris Stewart 30 0 2 3
3 Maxim Talbot Mark Bell Enver Lisin 20 1 2 2
4 Brooks Laich Martin Samuelsson Chris Neil 13 1 2 2
5 vs 5 Defense
Defense Defense Time % Phy DF OF
1 Kristopher Letang Anton Stralman 42 1 2 2
2 Josh Gorges Eric Brewer 34 1 2 2
3 Michael Del Zotto Greg Zanon 24 1 2 2
4 Kristopher Letang Josh Gorges 0 1 2 2
PowerPlay Forward
Center Left Wing Right Wing Time % Phy DF OF
1 Brad Richards Zach Parise Marian Gaborik 60 1 1 3
2 Nazem Kadri Tyler Ennis Chris Stewart 40 1 1 3
PowerPlay Defense
Defense Defense Time % Phy DF OF
1 Kristopher Letang Anton Stralman 60 1 1 3
2 Michael Del Zotto Eric Brewer 40 1 1 3
Penalty Kill 4 Players Forward
Center Wing Time % Phy DF OF
1 Maxim Talbot Mark Bell 60 1 3 1
2 Brad Richards Martin Samuelsson 40 1 3 1
Penalty Kill 4 Players Defense
Defense Defense Time % Phy DF OF
1 Greg Zanon Josh Gorges 60 1 4 0
2 Anton Stralman Eric Brewer 40 1 4 0
Penalty Kill - 3 Players Forward
Forward Time % Phy DF OF
1 Brad Richards 60 1 3 1
2 Zach Parise 40 1 3 1
Penalty Kill - 3 Players Defense
Defense Defense Time % Phy DF OF
1 Greg Zanon Anton Stralman 60 1 4 0
2 Josh Gorges Eric Brewer 40 1 4 0
4 vs 4 Forward
Center Wing Time % Phy DF OF
1 Brad Richards Zach Parise 60 1 2 2
2 Nazem Kadri Marian Gaborik 40 1 2 2
4 vs 4 Defense
Defense Defense Time % Phy DF OF
1 Kristopher Letang Anton Stralman 60 1 2 2
2 Josh Gorges Eric Brewer 40 1 2 2
Last Minutes Offensive
Center Left Wing Right Wing Defense Defense
Brad Richards Zach Parise Marian Gaborik Kristopher Letang Anton Stralman
Last Minutes Defensive
Center Left Wing Right Wing Defense Defense
Brad Richards Zach Parise Marian Gaborik Greg Zanon Anton Stralman
Goaltenders
Starting : Ryan Miller
Backup : Maxime Daigneault
Extra Forwards
Normal : Mark Bell, Maxim Talbot, Brooks Laich - PP : Mark Bell, Maxim Talbot - PK : Zach Parise
Extra Defensemen
Normal : Michael Del Zotto, Greg Zanon, Anton Stralman - PP : Josh Gorges - PK : Kristopher Letang, Anton Stralman
Penalty Shots
Tyler Ennis, Marian Gaborik, Zach Parise, Brad Richards, Chris Stewart
Scratches
None
Kings
5 vs 5 Forward
Center Left Wing Right Wing Time % Phy DF OF
1 Anze Kopitar Johnny Gaudreau Jason Pominville 40 1 1 3
2 Frans Nielsen Drew Miller Nikita Kucherov 35 0 1 4
3 Mike Comrie Peter Worrell Ryan Callahan 20 1 2 2
4 Darroll Powe Chris Mcallister Vojtech Polak 5 1 3 1
5 vs 5 Defense
Defense Defense Time % Phy DF OF
1 Drew Doughty Brendan Smith 35 1 3 1
2 Michal Rozsival Torey Krug 35 1 3 1
3 Randy Jones Matt Irwin 30 1 3 1
4 Drew Doughty Michal Rozsival 0 1 3 1
PowerPlay Forward
Center Left Wing Right Wing Time % Phy DF OF
1 Anze Kopitar Johnny Gaudreau Jason Pominville 60 0 1 4
2 Frans Nielsen Drew Miller Nikita Kucherov 40 0 2 3
PowerPlay Defense
Defense Defense Time % Phy DF OF
1 Drew Doughty Brendan Smith 60 0 2 3
2 Matt Irwin Torey Krug 40 0 2 3
Penalty Kill 4 Players Forward
Center Wing Time % Phy DF OF
1 Mike Comrie Chris Mcallister 60 0 4 1
2 Jason Pominville Drew Miller 40 0 4 1
Penalty Kill 4 Players Defense
Defense Defense Time % Phy DF OF
1 Brendan Smith Michal Rozsival 60 1 4 0
2 Torey Krug Drew Doughty 40 1 4 0
Penalty Kill - 3 Players Forward
Forward Time % Phy DF OF
1 Anze Kopitar 60 1 4 0
2 Mike Comrie 40 1 4 0
Penalty Kill - 3 Players Defense
Defense Defense Time % Phy DF OF
1 Michal Rozsival Brendan Smith 60 0 5 0
2 Torey Krug Drew Doughty 40 0 5 0
4 vs 4 Forward
Center Wing Time % Phy DF OF
1 Anze Kopitar Drew Miller 60 1 2 2
2 Frans Nielsen Jason Pominville 40 1 2 2
4 vs 4 Defense
Defense Defense Time % Phy DF OF
1 Drew Doughty Brendan Smith 60 1 2 2
2 Michal Rozsival Torey Krug 40 1 2 2
Last Minutes Offensive
Center Left Wing Right Wing Defense Defense
Anze Kopitar Johnny Gaudreau Jason Pominville Torey Krug Drew Doughty
Last Minutes Defensive
Center Left Wing Right Wing Defense Defense
Anze Kopitar Chris Mcallister Jason Pominville Brendan Smith Drew Doughty
Goaltenders
Starting : Mike Brodeur
Backup : Frederik Andersen
Extra Forwards
Normal : Frans Nielsen, Anze Kopitar, Jason Pominville - PP : Ryan Callahan, Peter Worrell - PK : Anze Kopitar
Extra Defensemen
Normal : Torey Krug, Matt Irwin, Brendan Smith - PP : Matt Irwin - PK : Torey Krug, Matt Irwin
Penalty Shots
Nikita Kucherov, Ryan Callahan, Anze Kopitar, Drew Miller, Frans Nielsen
Scratches
Patrick Kaleta (Separated Left Shoulder Injury), Steve Montador (Healthy)
% Time on Ice - Coyotes
Lines # - Real PCT - Wanted PCT - Time Play
Normal Forward
1 - 34% - 37% - 14:33
2 - 30% - 30% - 12:59
3 - 21% - 20% - 8:59
4 - 15% - 13% - 6:25
Normal Defense
1 - 45% - 42% - 19:20
2 - 33% - 34% - 14:09
3 - 20% - 24% - 8:45
4 - 2% - 0% - 0:42
PP Forward
1 - 57% - 60% - 3:22
2 - 43% - 40% - 2:35
PP Defense
1 - 67% - 60% - 4:00
2 - 33% - 40% - 1:57
PK Forward
1 - 70% - 60% - 7:45
2 - 30% - 40% - 3:17
PK Defense
1 - 53% - 60% - 5:50
2 - 47% - 40% - 5:12
PK3 Forward
1 - 100% - 60% - 0:05
2 - 0% - 40% - 0:00
PK3 Defense
1 - 100% - 60% - 0:05
2 - 0% - 40% - 0:00
44 Forward
1 - 0% - 60%
2 - 0% - 40%
44 Defense
1 - 0% - 60%
2 - 0% - 40%
Last Minute Offensive - 0:00
Last Minute Defensive - 0:00
Total
Forward - 60:00
Defense - 60:00
|
% Time on Ice - Kings
Lines # - Real PCT - Wanted PCT - Time Play
Normal Forward
1 - 34% - 40% - 14:46
2 - 31% - 35% - 13:26
3 - 22% - 20% - 9:16
4 - 13% - 5% - 5:28
Normal Defense
1 - 36% - 35% - 15:24
2 - 35% - 35% - 15:13
3 - 28% - 30% - 12:11
4 - 0% - 0% - 0:08
PP Forward
1 - 55% - 60% - 6:07
2 - 45% - 40% - 5:00
PP Defense
1 - 58% - 60% - 6:26
2 - 42% - 40% - 4:41
PK Forward
1 - 76% - 60% - 4:30
2 - 24% - 40% - 1:27
PK Defense
1 - 76% - 60% - 4:32
2 - 24% - 40% - 1:25
PK3 Forward
1 - 0% - 60%
2 - 0% - 40%
PK3 Defense
1 - 0% - 60%
2 - 0% - 40%
44 Forward
1 - 0% - 60%
2 - 0% - 40%
44 Defense
1 - 0% - 60%
2 - 0% - 40%
Last Minute Offensive - 0:00
Last Minute Defensive - 0:00
Total
Forward - 60:00
Defense - 60:00
|
Play by Play
1st period
0:01 of 1st period - Brad Richards wins face-off versus Anze Kopitar in neutral zone.
0:26 of 1st period - Frans Nielsen is hit by Chris Stewart and loses puck.
1:39 of 1st period - Anze Kopitar is hit by Eric Brewer and loses puck.
3:48 of 1st period - Slapshot by Mark Bell.
3:48 of 1st period - Stopped by Mike Brodeur with a rebound.
4:04 of 1st period - Wrist shot by Anze Kopitar.
4:04 of 1st period - Shot Misses the Net.
4:06 of 1st period - Slapshot by Randy Jones.
4:06 of 1st period - Shot Misses the Net.
4:56 of 1st period - Snap shot by Nikita Kucherov.
4:56 of 1st period - Stopped by Ryan Miller with a rebound.
5:40 of 1st period - Snap shot by Anze Kopitar.
5:40 of 1st period - Stopped by Ryan Miller with a rebound.
5:42 of 1st period - Wrist shot by Anze Kopitar.
5:42 of 1st period - Stopped by Ryan Miller without a rebound.
5:43 of 1st period - Brad Richards wins face-off versus Frans Nielsen in Coyotes zone.
6:24 of 1st period - Icing by Anze Kopitar.
6:25 of 1st period - Brad Richards wins face-off versus Anze Kopitar in Kings zone.
6:28 of 1st period - Wrist shot by Brad Richards.
6:28 of 1st period - Shot Misses the Net.
7:03 of 1st period - Slapshot by Eric Brewer.
7:03 of 1st period - Deflect By Anze Kopitar.
7:03 of 1st period - Stopped by Mike Brodeur without a rebound.
7:04 of 1st period - Maxim Talbot wins face-off versus Frans Nielsen in Kings zone.
7:05 of 1st period - Wrist shot by Mark Bell.
7:05 of 1st period - Shot Blocked by Michal Rozsival.
7:07 of 1st period - Snap shot by Enver Lisin.
7:07 of 1st period - Shot Misses the Net.
7:53 of 1st period - Slapshot by Darroll Powe.
7:53 of 1st period - Stopped by Ryan Miller with a rebound.
7:55 of 1st period - Slapshot by Michal Rozsival.
7:55 of 1st period - Shot Blocked by Tyler Ennis.
7:57 of 1st period - Snap shot by Darroll Powe.
7:57 of 1st period - Stopped by Ryan Miller without a rebound.
7:58 of 1st period - Frans Nielsen wins face-off versus Brooks Laich in Coyotes zone.
7:59 of 1st period - Slapshot by Drew Miller.
7:59 of 1st period - Deflect By Josh Gorges.
7:59 of 1st period - Stopped by Ryan Miller with a rebound.
8:01 of 1st period - Backhand shot by Nikita Kucherov.
8:01 of 1st period - Stopped by Ryan Miller without a rebound.
8:02 of 1st period - Brooks Laich wins face-off versus Frans Nielsen in Coyotes zone.
8:02 of 1st period - Brooks Laich is hit by Frans Nielsen.
8:09 of 1st period - Eric Brewer is hit by Matt Irwin.
8:31 of 1st period - Backhand shot by Anze Kopitar.
8:31 of 1st period - Shot Misses the Net.
9:15 of 1st period - Off-side.
9:16 of 1st period - Frans Nielsen wins face-off versus Zach Parise in neutral zone.
9:27 of 1st period - Michal Rozsival is hit by Brad Richards and loses puck.
10:24 of 1st period - Snap shot by Drew Miller.
10:24 of 1st period - Stopped by Ryan Miller with a rebound.
10:30 of 1st period - Slapshot by Drew Doughty.
10:30 of 1st period - Stopped by Ryan Miller with a rebound.
10:36 of 1st period - Minor Penalty to Martin Samuelsson for Holding.
10:37 of 1st period - Anze Kopitar wins face-off versus Maxim Talbot in Coyotes zone.
10:38 of 1st period - Slapshot by Drew Doughty.
10:38 of 1st period - Shot Blocked by Eric Brewer.
12:15 of 1st period - Frans Nielsen is hit by Brad Richards and loses puck.
12:36 of 1st period - Penalty to Martin Samuelsson is over, Martin Samuelsson is back on ice.
12:36 of 1st period - Snap shot by Ryan Callahan.
12:36 of 1st period - Shot Misses the Net.
12:38 of 1st period - Slapshot by Torey Krug.
12:38 of 1st period - Shot Misses the Net.
14:14 of 1st period - Kristopher Letang is hit by Anze Kopitar and loses puck.
14:36 of 1st period - Greg Zanon is hit by Randy Jones and loses puck.
14:45 of 1st period - Matt Irwin is hit by Josh Gorges and loses puck.
15:00 of 1st period - Darroll Powe is hit by Marian Gaborik.
15:17 of 1st period - Chris Neil is hit by Michal Rozsival and loses puck.
15:52 of 1st period - Tyler Ennis is hit by Nikita Kucherov and loses puck.
16:09 of 1st period - Snap shot by Marian Gaborik.
16:09 of 1st period - Stopped by Mike Brodeur without a rebound.
16:10 of 1st period - Mike Comrie wins face-off versus Maxim Talbot in Kings zone.
16:12 of 1st period - Minor Penalty to Brendan Smith for Hooking.
16:13 of 1st period - Mike Comrie wins face-off versus Marian Gaborik in Kings zone.
17:12 of 1st period - Mike Comrie is hit by Michael Del Zotto and loses puck.
17:23 of 1st period - Tyler Ennis is hit by Jason Pominville and loses puck.
18:12 of 1st period - Penalty to Brendan Smith is over, Brendan Smith is back on ice.
18:12 of 1st period - Michal Rozsival is hit by Kristopher Letang and loses puck.
18:31 of 1st period - Wrist shot by Kristopher Letang.
18:31 of 1st period - Shot Misses the Net.
18:33 of 1st period - Slapshot by Kristopher Letang.
18:33 of 1st period - Stopped by Mike Brodeur without a rebound.
18:34 of 1st period - Brooks Laich wins face-off versus Mike Comrie in Kings zone.
18:44 of 1st period - Off-side.
18:45 of 1st period - Anze Kopitar wins face-off versus Brad Richards in neutral zone.
19:48 of 1st period - Minor Penalty to Mike Comrie for Delaying the game.
19:49 of 1st period - Anze Kopitar wins face-off versus Brad Richards in Kings zone.
Goals for this period are 0 for Coyotes vs 0 for Kings.
Shots for this period are 4 for Coyotes vs 9 for Kings.
2nd period
0:01 of 2nd period - Brad Richards wins face-off versus Anze Kopitar in neutral zone.
0:27 of 2nd period - Icing by Brad Richards.
0:28 of 2nd period - Anze Kopitar wins face-off versus Nazem Kadri in Coyotes zone.
1:07 of 2nd period - Slapshot by Johnny Gaudreau.
1:07 of 2nd period - Stopped by Ryan Miller with a rebound.
1:48 of 2nd period - Penalty to Mike Comrie is over, Mike Comrie is back on ice.
2:13 of 2nd period - Minor Penalty to Michal Rozsival for Holding.
2:14 of 2nd period - Mike Comrie wins face-off versus Brad Richards in Kings zone.
2:27 of 2nd period - Wrist shot by Chris Mcallister.
2:27 of 2nd period - Stopped by Ryan Miller without a rebound.
2:28 of 2nd period - Mike Comrie wins face-off versus Marian Gaborik in Coyotes zone.
3:10 of 2nd period - Wrist shot by Jason Pominville.
3:10 of 2nd period - Shot Blocked by Nazem Kadri.
3:12 of 2nd period - Wrist shot by Drew Doughty.
3:12 of 2nd period - Stopped by Ryan Miller without a rebound.
3:13 of 2nd period - Mike Comrie wins face-off versus Brad Richards in Coyotes zone.
3:16 of 2nd period - Snap shot by Chris Mcallister.
3:16 of 2nd period - Stopped by Ryan Miller with a rebound.
4:11 of 2nd period - Chris Stewart is hit by Drew Miller and loses puck.
4:13 of 2nd period - Penalty to Michal Rozsival is over, Michal Rozsival is back on ice.
4:26 of 2nd period - Slapshot by Matt Irwin.
4:26 of 2nd period - Shot Misses the Net.
4:37 of 2nd period - Icing by Kristopher Letang.
4:38 of 2nd period - Frans Nielsen wins face-off versus Brooks Laich in Coyotes zone.
5:26 of 2nd period - Snap shot by Tyler Ennis.
5:26 of 2nd period - Deflect By Nazem Kadri.
5:26 of 2nd period - Stopped by Mike Brodeur without a rebound.
5:27 of 2nd period - Nazem Kadri wins face-off versus Anze Kopitar in Kings zone.
5:46 of 2nd period - Slapshot by Chris Stewart.
5:46 of 2nd period - Stopped by Mike Brodeur without a rebound.
5:47 of 2nd period - Brad Richards wins face-off versus Drew Miller in Kings zone.
5:52 of 2nd period - Snap shot by Marian Gaborik.
5:52 of 2nd period - Goal by Marian Gaborik - Coyotes : 1 - Kings : 0.
5:53 of 2nd period - Brad Richards wins face-off versus Anze Kopitar in neutral zone.
6:23 of 2nd period - Slapshot by Anton Stralman.
6:23 of 2nd period - Deflect By Nazem Kadri.
6:23 of 2nd period - Goal by Nazem Kadri - Coyotes : 2 - Kings : 0.
6:24 of 2nd period - Anze Kopitar wins face-off versus Brad Richards in neutral zone.
6:33 of 2nd period - Slapshot by Marian Gaborik.
6:33 of 2nd period - Goal by Marian Gaborik - Coyotes : 3 - Kings : 0.
6:34 of 2nd period - Anze Kopitar wins face-off versus Brad Richards in neutral zone.
6:37 of 2nd period - Snap shot by Torey Krug.
6:37 of 2nd period - Shot Blocked by Kristopher Letang.
6:39 of 2nd period - Slapshot by Jason Pominville.
6:39 of 2nd period - Stopped by Ryan Miller with a rebound.
6:43 of 2nd period - Wrist shot by Anze Kopitar.
6:43 of 2nd period - Goal by Anze Kopitar - Coyotes : 3 - Kings : 1.
6:44 of 2nd period - Anze Kopitar wins face-off versus Brad Richards in neutral zone.
6:49 of 2nd period - Snap shot by Anze Kopitar.
6:49 of 2nd period - Stopped by Ryan Miller with a rebound.
6:51 of 2nd period - Slapshot by Matt Irwin.
6:51 of 2nd period - Stopped by Ryan Miller without a rebound.
6:52 of 2nd period - Anze Kopitar wins face-off versus Brad Richards in Coyotes zone.
6:53 of 2nd period - Slapshot by Johnny Gaudreau.
6:53 of 2nd period - Goal by Johnny Gaudreau - Coyotes : 3 - Kings : 2.
6:54 of 2nd period - Anze Kopitar wins face-off versus Brad Richards in neutral zone.
6:59 of 2nd period - Snap shot by Anze Kopitar.
6:59 of 2nd period - Goal by Anze Kopitar - Coyotes : 3 - Kings : 3.
7:00 of 2nd period - Anze Kopitar wins face-off versus Brad Richards in neutral zone.
7:10 of 2nd period - Snap shot by Marian Gaborik.
7:10 of 2nd period - Deflect By Brad Richards.
7:10 of 2nd period - Shot Misses the Net.
7:10 of 2nd period - Puck is out of play.
7:11 of 2nd period - Anze Kopitar wins face-off versus Brad Richards in Kings zone.
7:24 of 2nd period - Brendan Smith is hit by Brad Richards and loses puck.
7:37 of 2nd period - Kristopher Letang is hit by Frans Nielsen and loses puck.
7:59 of 2nd period - Wrist shot by Peter Worrell.
7:59 of 2nd period - Stopped by Ryan Miller without a rebound.
8:00 of 2nd period - Mike Comrie wins face-off versus Mark Bell in Coyotes zone.
8:14 of 2nd period - Off-side.
8:15 of 2nd period - Brad Richards wins face-off versus Anze Kopitar in neutral zone.
8:21 of 2nd period - Icing by Jason Pominville.
8:22 of 2nd period - Anze Kopitar wins face-off versus Brad Richards in Kings zone.
8:48 of 2nd period - Frans Nielsen is hit by Nazem Kadri and loses puck.
9:17 of 2nd period - Wrist shot by Mike Comrie.
9:17 of 2nd period - Stopped by Ryan Miller without a rebound.
9:18 of 2nd period - Mike Comrie wins face-off versus Brad Richards in Coyotes zone.
9:27 of 2nd period - Slapshot by Eric Brewer.
9:27 of 2nd period - Stopped by Mike Brodeur with a rebound.
9:29 of 2nd period - Snap shot by Brad Richards.
9:29 of 2nd period - Shot Misses the Net.
10:10 of 2nd period - Greg Zanon is hit by Brendan Smith and loses puck.
10:15 of 2nd period - Slapshot by Drew Miller.
10:15 of 2nd period - Shot Misses the Net.
10:49 of 2nd period - Snap shot by Ryan Callahan.
10:49 of 2nd period - Shot Blocked by Brad Richards.
10:51 of 2nd period - Slapshot by Matt Irwin.
10:51 of 2nd period - Shot Misses the Net.
10:53 of 2nd period - Wrist shot by Ryan Callahan.
10:53 of 2nd period - Shot Misses the Net.
10:59 of 2nd period - Snap shot by Ryan Callahan.
10:59 of 2nd period - Stopped by Ryan Miller with a rebound.
12:05 of 2nd period - Wrist shot by Ryan Callahan.
12:05 of 2nd period - Stopped by Ryan Miller without a rebound.
12:06 of 2nd period - Anze Kopitar wins face-off versus Brad Richards in Coyotes zone.
12:33 of 2nd period - Tyler Ennis is hit by Michal Rozsival and loses puck.
12:39 of 2nd period - Icing by Greg Zanon.
12:40 of 2nd period - Anze Kopitar wins face-off versus Nazem Kadri in Coyotes zone.
12:53 of 2nd period - Snap shot by Jason Pominville.
12:53 of 2nd period - Shot Misses the Net.
13:07 of 2nd period - Snap shot by Zach Parise.
13:07 of 2nd period - Stopped by Mike Brodeur with a rebound.
13:31 of 2nd period - Wrist shot by Enver Lisin.
13:31 of 2nd period - Stopped by Mike Brodeur without a rebound.
13:32 of 2nd period - Mike Comrie wins face-off versus Maxim Talbot in Kings zone.
13:32 of 2nd period - Mike Comrie is hit by Anton Stralman.
13:48 of 2nd period - Wrist shot by Mark Bell.
13:48 of 2nd period - Deflect By Enver Lisin.
13:48 of 2nd period - Shot Misses the Net.
13:48 of 2nd period - Puck is out of play.
13:49 of 2nd period - Brad Richards wins face-off versus Jason Pominville in Kings zone.
13:52 of 2nd period - Slapshot by Marian Gaborik.
13:52 of 2nd period - Stopped by Mike Brodeur without a rebound.
13:53 of 2nd period - Anze Kopitar wins face-off versus Brad Richards in Kings zone.
14:32 of 2nd period - Snap shot by Anze Kopitar.
14:32 of 2nd period - Goal by Anze Kopitar - Coyotes : 3 - Kings : 4.
14:33 of 2nd period - Frans Nielsen wins face-off versus Brad Richards in neutral zone.
14:46 of 2nd period - Anton Stralman is hit by Drew Miller and loses puck.
15:23 of 2nd period - Wrist shot by Chris Mcallister.
15:23 of 2nd period - Stopped by Ryan Miller without a rebound.
15:24 of 2nd period - Brad Richards wins face-off versus Darroll Powe in Coyotes zone.
16:40 of 2nd period - Minor Penalty to Brooks Laich for Hooking.
16:41 of 2nd period - Maxim Talbot wins face-off versus Johnny Gaudreau in Coyotes zone.
16:51 of 2nd period - Off-side.
16:52 of 2nd period - Maxim Talbot wins face-off versus Anze Kopitar in neutral zone.
17:31 of 2nd period - Snap shot by Frans Nielsen.
17:31 of 2nd period - Deflect By Nikita Kucherov.
17:31 of 2nd period - Stopped by Ryan Miller without a rebound.
17:32 of 2nd period - Anze Kopitar wins face-off versus Mark Bell in Coyotes zone.
17:35 of 2nd period - Snap shot by Johnny Gaudreau.
17:35 of 2nd period - Shot Misses the Net.
17:37 of 2nd period - Wrist shot by Anze Kopitar.
17:37 of 2nd period - Stopped by Ryan Miller without a rebound.
17:38 of 2nd period - Maxim Talbot wins face-off versus Jason Pominville in Coyotes zone.
18:04 of 2nd period - Wrist shot by Brad Richards.
18:04 of 2nd period - Shot Misses the Net.
18:16 of 2nd period - Slapshot by Drew Doughty.
18:16 of 2nd period - Stopped by Ryan Miller without a rebound.
18:17 of 2nd period - Maxim Talbot wins face-off versus Frans Nielsen in Coyotes zone.
18:32 of 2nd period - Drew Doughty is hit by Martin Samuelsson and loses puck.
18:39 of 2nd period - Greg Zanon is hit by Anze Kopitar and loses puck.
18:40 of 2nd period - Penalty to Brooks Laich is over, Brooks Laich is back on ice.
19:02 of 2nd period - Backhand shot by Ryan Callahan.
19:02 of 2nd period - Shot Blocked by Nazem Kadri.
19:13 of 2nd period - Icing by Torey Krug.
19:14 of 2nd period - Mike Comrie wins face-off versus Brad Richards in Kings zone.
Goals for this period are 3 for Coyotes vs 4 for Kings.
Shots for this period are 9 for Coyotes vs 19 for Kings.
3rd period
0:01 of 3rd period - Brad Richards wins face-off versus Anze Kopitar in neutral zone.
0:16 of 3rd period - Snap shot by Marian Gaborik.
0:16 of 3rd period - Shot Misses the Net.
0:26 of 3rd period - Tyler Ennis is hit by Drew Miller and loses puck.
0:31 of 3rd period - Snap shot by Frans Nielsen.
0:31 of 3rd period - Shot Blocked by Anton Stralman.
0:33 of 3rd period - Snap shot by Frans Nielsen.
0:33 of 3rd period - Stopped by Ryan Miller without a rebound.
0:34 of 3rd period - Brad Richards wins face-off versus Frans Nielsen in Coyotes zone.
1:03 of 3rd period - Wrist shot by Enver Lisin.
1:03 of 3rd period - Shot Blocked by Michal Rozsival.
1:25 of 3rd period - Wrist shot by Chris Mcallister.
1:25 of 3rd period - Shot Blocked by Greg Zanon.
1:27 of 3rd period - Slapshot by Darroll Powe.
1:27 of 3rd period - Stopped by Ryan Miller with a rebound.
1:29 of 3rd period - Slapshot by Darroll Powe.
1:29 of 3rd period - Shot Misses the Net.
1:31 of 3rd period - Slapshot by Chris Mcallister.
1:31 of 3rd period - Shot Blocked by Greg Zanon.
1:56 of 3rd period - Minor Penalty to Maxim Talbot for Holding.
1:57 of 3rd period - Anze Kopitar wins face-off versus Brad Richards in Coyotes zone.
2:13 of 3rd period - Wrist shot by Anze Kopitar.
2:13 of 3rd period - Stopped by Ryan Miller with a rebound.
2:32 of 3rd period - Mark Bell is hit by Drew Miller and loses puck.
2:57 of 3rd period - Brad Richards is hit by Brendan Smith.
3:56 of 3rd period - Penalty to Maxim Talbot is over, Maxim Talbot is back on ice.
4:03 of 3rd period - Martin Samuelsson is hit by Drew Doughty and loses puck.
4:25 of 3rd period - Enver Lisin is hit by Randy Jones and loses puck.
5:10 of 3rd period - Icing by Michael Del Zotto.
5:11 of 3rd period - Frans Nielsen wins face-off versus Zach Parise in Coyotes zone.
5:34 of 3rd period - Snap shot by Nazem Kadri.
5:34 of 3rd period - Stopped by Mike Brodeur without a rebound.
5:35 of 3rd period - Tyler Ennis wins face-off versus Anze Kopitar in Kings zone.
5:49 of 3rd period - Minor Penalty to Tyler Ennis for Hooking.
5:50 of 3rd period - Anze Kopitar wins face-off versus Maxim Talbot in Coyotes zone.
6:02 of 3rd period - Slapshot by Mark Bell.
6:02 of 3rd period - Shot Misses the Net.
6:04 of 3rd period - Wrist shot by Mark Bell.
6:04 of 3rd period - Stopped by Mike Brodeur without a rebound.
6:05 of 3rd period - Anze Kopitar wins face-off versus Mark Bell in Kings zone.
6:20 of 3rd period - Wrist shot by Anze Kopitar.
6:20 of 3rd period - Shot Misses the Net.
7:49 of 3rd period - Penalty to Tyler Ennis is over, Tyler Ennis is back on ice.
8:09 of 3rd period - Wrist shot by Marian Gaborik.
8:09 of 3rd period - Goal by Marian Gaborik - Coyotes : 4 - Kings : 4.
8:10 of 3rd period - Anze Kopitar wins face-off versus Brad Richards in neutral zone.
8:35 of 3rd period - Anton Stralman is hit by Drew Miller and loses puck.
8:42 of 3rd period - Snap shot by Drew Miller.
8:42 of 3rd period - Goal by Drew Miller - Coyotes : 4 - Kings : 5.
8:43 of 3rd period - Anze Kopitar wins face-off versus Brad Richards in neutral zone.
9:09 of 3rd period - Anton Stralman is hit by Randy Jones and loses puck.
9:18 of 3rd period - Wrist shot by Frans Nielsen.
9:18 of 3rd period - Shot Blocked by Kristopher Letang.
9:20 of 3rd period - Snap shot by Nikita Kucherov.
9:20 of 3rd period - Shot Misses the Net.
9:34 of 3rd period - Slapshot by Darroll Powe.
9:34 of 3rd period - Goal by Darroll Powe - Coyotes : 4 - Kings : 6.
9:35 of 3rd period - Brad Richards wins face-off versus Anze Kopitar in neutral zone.
9:42 of 3rd period - Johnny Gaudreau is hit by Zach Parise and loses puck.
9:48 of 3rd period - Off-side.
9:49 of 3rd period - Frans Nielsen wins face-off versus Brad Richards in neutral zone.
9:58 of 3rd period - Wrist shot by Drew Miller.
9:58 of 3rd period - Stopped by Ryan Miller with a rebound.
10:16 of 3rd period - Zach Parise is hit by Torey Krug.
10:22 of 3rd period - Wrist shot by Brad Richards.
10:22 of 3rd period - Shot Misses the Net.
11:19 of 3rd period - Off-side.
11:20 of 3rd period - Frans Nielsen wins face-off versus Brooks Laich in neutral zone.
11:45 of 3rd period - Matt Irwin is hit by Martin Samuelsson and loses puck.
12:03 of 3rd period - Josh Gorges is hit by Michal Rozsival and loses puck.
12:12 of 3rd period - Snap shot by Drew Miller.
12:12 of 3rd period - Shot Misses the Net.
12:14 of 3rd period - Snap shot by Nikita Kucherov.
12:14 of 3rd period - Stopped by Ryan Miller without a rebound.
12:15 of 3rd period - Brad Richards wins face-off versus Anze Kopitar in Coyotes zone.
12:15 of 3rd period - Brad Richards is hit by Jason Pominville.
12:23 of 3rd period - Slapshot by Zach Parise.
12:23 of 3rd period - Shot Blocked by Drew Doughty.
12:25 of 3rd period - Slapshot by Anton Stralman.
12:25 of 3rd period - Stopped by Mike Brodeur without a rebound.
12:26 of 3rd period - Brad Richards wins face-off versus Anze Kopitar in Kings zone.
12:29 of 3rd period - Snap shot by Zach Parise.
12:29 of 3rd period - Deflect By Marian Gaborik.
12:29 of 3rd period - Stopped by Mike Brodeur without a rebound.
12:30 of 3rd period - Marian Gaborik wins face-off versus Anze Kopitar in Kings zone.
12:37 of 3rd period - Snap shot by Zach Parise.
12:37 of 3rd period - Shot Blocked by Anze Kopitar.
13:01 of 3rd period - Wrist shot by Nazem Kadri.
13:01 of 3rd period - Stopped by Mike Brodeur without a rebound.
13:02 of 3rd period - Drew Miller wins face-off versus Nazem Kadri in Kings zone.
13:15 of 3rd period - Wrist shot by Chris Stewart.
13:15 of 3rd period - Shot Blocked by Torey Krug.
13:17 of 3rd period - Snap shot by Nazem Kadri.
13:17 of 3rd period - Shot Misses the Net.
13:19 of 3rd period - Slapshot by Eric Brewer.
13:19 of 3rd period - Deflect By Nazem Kadri.
13:19 of 3rd period - Shot Misses the Net.
13:19 of 3rd period - Puck is out of play.
13:20 of 3rd period - Anze Kopitar wins face-off versus Zach Parise in Kings zone.
13:29 of 3rd period - Snap shot by Anze Kopitar.
13:29 of 3rd period - Stopped by Ryan Miller with a rebound.
14:00 of 3rd period - Backhand shot by Brendan Smith.
14:00 of 3rd period - Stopped by Ryan Miller with a rebound.
14:02 of 3rd period - Minor Penalty to Nazem Kadri for Hooking.
14:03 of 3rd period - Maxim Talbot wins face-off versus Anze Kopitar in Coyotes zone.
14:59 of 3rd period - Jason Pominville is hit by Anton Stralman and loses puck.
15:03 of 3rd period - Icing by Jason Pominville.
15:04 of 3rd period - Anze Kopitar wins face-off versus Maxim Talbot in Kings zone.
15:11 of 3rd period - Mark Bell is hit by Brendan Smith and loses puck.
15:22 of 3rd period - Snap shot by Martin Samuelsson.
15:22 of 3rd period - Shot Misses the Net.
16:02 of 3rd period - Penalty to Nazem Kadri is over, Nazem Kadri is back on ice.
16:30 of 3rd period - Slapshot by Marian Gaborik.
16:30 of 3rd period - Shot Hit the Post.
16:36 of 3rd period - Torey Krug is hit by Zach Parise and loses puck.
16:51 of 3rd period - Tyler Ennis is hit by Nikita Kucherov.
17:48 of 3rd period - Wrist shot by Darroll Powe.
17:48 of 3rd period - Stopped by Ryan Miller with a rebound.
17:50 of 3rd period - Slapshot by Matt Irwin.
17:50 of 3rd period - Deflect By Vojtech Polak.
17:50 of 3rd period - Stopped by Ryan Miller without a rebound.
17:51 of 3rd period - Maxim Talbot wins face-off versus Darroll Powe in Coyotes zone.
18:21 of 3rd period - Slapshot by Vojtech Polak.
18:21 of 3rd period - Deflect By Darroll Powe.
18:21 of 3rd period - Stopped by Ryan Miller with a rebound.
18:23 of 3rd period - Snap shot by Michal Rozsival.
18:23 of 3rd period - Shot Misses the Net.
18:25 of 3rd period - Slapshot by Torey Krug.
18:25 of 3rd period - Stopped by Ryan Miller without a rebound.
18:26 of 3rd period - Mike Comrie wins face-off versus Brooks Laich in Coyotes zone.
18:33 of 3rd period - Wrist shot by Mike Comrie.
18:33 of 3rd period - Shot Misses the Net.
18:35 of 3rd period - Snap shot by Torey Krug.
18:35 of 3rd period - Stopped by Ryan Miller with a rebound.
18:37 of 3rd period - Slapshot by Torey Krug.
18:37 of 3rd period - Shot Blocked by Eric Brewer.
18:39 of 3rd period - Wrist shot by Torey Krug.
18:39 of 3rd period - Shot Blocked by Martin Samuelsson.
18:41 of 3rd period - Slapshot by Peter Worrell.
18:41 of 3rd period - Shot Blocked by Brooks Laich.
18:47 of 3rd period - Minor Penalty to Martin Samuelsson for Tripping.
18:48 of 3rd period - Maxim Talbot wins face-off versus Anze Kopitar in Coyotes zone.
19:15 of 3rd period - Brendan Smith is hit by Greg Zanon and loses puck.
19:19 of 3rd period - Icing by Brendan Smith.
19:20 of 3rd period - Brad Richards wins face-off versus Frans Nielsen in Kings zone.
19:54 of 3rd period - Minor Penalty to Brad Richards for Holding.
19:55 of 3rd period - Zach Parise wins face-off versus Johnny Gaudreau in Coyotes zone.
19:59 of 3rd period - Wrist shot by Anton Stralman.
19:59 of 3rd period - Shot Blocked by Jason Pominville.
Goals for this period are 1 for Coyotes vs 2 for Kings.
Shots for this period are 6 for Coyotes vs 14 for Kings.
Back to the Top